 Dungeon Crawl Stone Soup version 0.29.1-2-gbd0b4ee654 (webtiles) character file.

Game seed: 17896476212600085786

297327 nshep25 the Executioner (level 20, -10/195 HPs)
             Began as a Minotaur Fighter on Nov 14, 2022.
             Was an Initiate of Gozag.
             Killed from afar by a tengu reaver (24 damage)
             ... with a bolt of cold
             ... on level 5 of the Vaults.
             The game lasted 02:12:28 (51699 turns).

nshep25 the Executioner (Minotaur Fighter)         Turns: 51699, Time: 02:12:30

Health: -10/195    AC: 57    Str: 30    XL:     20   Next: 44%
Magic:  0/19       EV:  8    Int: 18    God:    Gozag
Gold:   7312       SH: 20    Dex: 11    Spells: 19/19 levels left

rFire   + + .      SeeInvis +   Q - +7 broad axe (protect)
rCold   + . .      Faith    .   e - +5 kite shield of Levity {SInv}
rNeg    . . .      Spirit   +   R - +9 crystal plate armour
rPois   +          Reflect  .   J - +1 hat
rElec   +          Harm     .   h - +0 cloak {rCorr}
rCorr   +          Rampage  .   b - +1 pair of gloves of Kikubaaqudgha's Hatred {Str+5}
Will    ++...                   S - +2 pair of boots of Daffodils {Will+}
Stlth   ..........              x - amulet of guardian spirit
HPRegen 0.42/turn               V - ring of Roic {Fly Int+7 SInv}
MPRegen 0.16/turn               m - +4 ring of protection

@: mighty, resistant, marked, gold aura, under a protective aura, flying,
hasted, constricted, studying Dodging, very quick
A: horns 2, retaliatory headbutt, clever 1, fire resistance 1, sense
surroundings 1
}: 1/15 runes: serpentine
a: Renounce Religion, Potion Petition, Call Merchant, Bribe Branch


You were on level 5 of the Vaults.
You worshipped Gozag.
Gozag was greatly pleased with you.
You visited 6 branches of the dungeon, and saw 32 of its levels.
You also visited: Ossuary, Gauntlet and Volcano.

You collected 17683 gold pieces.
You spent 3014 gold pieces at shops.
You paid 7357 gold pieces to Gozag.

Inventory:

Hand Weapons
 l - the +10 hand axe of the Doomed God {flame, rPois Int-4 Dex+5}
   (You found it on level 2 of the Dungeon)

   It burns those it strikes, dealing additional fire damage.
   Big, fiery blades are also staple armaments of hydra-hunters.
   Int:       It affects your intelligence (-4).
   Dex:       It affects your dexterity (+5).
   rPois:     It protects you from poison.
 Q - a +7 broad axe of protection (weapon)
 U - the +8 frozen axe "Frostbite" {freezing cloud, *Noise Fly rC+}
   (You found it on level 2 of the Vaults)

   It freezes those it strikes, dealing additional cold damage.
   It can also slow down cold-blooded creatures.
   It occasionally leaves clouds of freezing vapour upon striking a foe.
   It grants immunity to clouds of freezing vapour.
   rC:        It protects you from cold.
   Fly:       It grants you flight.
   *Noise:    It may make noises in combat.
Missiles
 f - 3 silver boomerangs
 g - 12 boomerangs (quivered)
 r - 26 javelins
Armour
 b - the +1 pair of gloves of Kikubaaqudgha's Hatred (worn) {Str+5}
   (You bought it in a shop on level 2 of the Orcish Mines)

   Str:       It affects your strength (+5).
 e - the +5 kite shield of Levity (worn) {SInv}
   (You found it in a Gauntlet)

   SInv:      It lets you see invisible.
 h - a +0 cloak of preservation (worn)
 J - a +1 hat (worn)
 R - a +9 crystal plate armour (worn)
 S - the +2 pair of boots of Daffodils (worn) {Will+}
   (You found it in a Gauntlet)

   Will:      It increases your willpower.
Jewellery
 a - the ring "Hosmae Agyfe" {rN+ Will+ Str+2}
   (You found it on level 15 of the Dungeon)

   [ring of positive energy]

   Str:       It affects your strength (+2).
   rN:        It protects you from negative energy.
   Will:      It increases your willpower.
 m - a +4 ring of protection (right hand)
 x - an amulet of guardian spirit (around neck)
 y - a +6 ring of strength
 C - an amulet of regeneration
 D - a +6 ring of dexterity
 F - a ring of protection from fire
 L - a ring of protection from cold
 T - a +4 ring of evasion
 V - the ring of Roic (left hand) {Fly Int+7 SInv}
   (You acquired it on level 11 of the Dungeon)

   [ring of flight]

   Int:       It affects your intelligence (+7).
   SInv:      It lets you see invisible.
   Fly:       It grants you flight.
Wands
 c - a wand of acid (20)
 i - a wand of flame (96)
 o - a wand of mindburst (15)
 s - a wand of polymorph (25)
 G - a wand of charming (12)
 M - a wand of digging (15)
 O - a wand of roots (40)
Scrolls
 j - 2 scrolls of fog
 k - 23 scrolls of teleportation
 n - 4 scrolls of amnesia
 p - 4 scrolls of fear
 q - a scroll of brand weapon
 u - 6 scrolls of magic mapping
 A - 3 scrolls of blinking
 H - 4 scrolls of poison
 K - a scroll of silence
 N - a scroll of summoning
Potions
 d - 4 potions of might
 t - 18 potions of curing
 v - 4 potions of ambrosia
 w - 7 potions of resistance
 z - 6 potions of haste
 B - 5 potions of berserk rage
 E - 3 potions of cancellation
 I - 3 potions of magic
 X - a potion of brilliance
Miscellaneous
 P - a box of beasts
 Y - a condenser vane


   Skills:
 * Level 20.9 Fighting
 * Level 25.3 Axes
 * Level 21.3 Armour
 * Level 13.0 Dodging
 + Level 6.2 Stealth
 * Level 21.2 Shields


You had 19 spell levels left.
You didn't know any spells.
Your spell library contained the following spells:

 Spells                   Type           Power      Damage    Failure   Level
 Freeze                   Ice            0%         1d3       95%         1
 Magic Dart               Conj           0%         1d3       95%         1
 Shock                    Conj/Air       0%         1d3       95%         1
 Summon Small Mammal      Summ           0%         N/A       95%         1
 Call Imp                 Summ           0%         N/A       98%         2
 Static Discharge         Conj/Air       0%         3-3/arc   98%         2
 Call Canine Familiar     Summ           0%         N/A       100%        3
 Conjure Flame            Conj/Fire      0%         6-21      100%        3
 Dazzling Flash           Conj/Hex       0%         N/A       100%        3
 Frozen Ramparts          Ice            0%         1d1       100%        3
 Gell's Gravitas          Tloc           0%         N/A       100%        3
 Ignite Poison            Fire/Tmut/Pois 0%         N/A       100%        3
 Lesser Beckoning         Tloc           0%         N/A       100%        3
 Mephitic Cloud           Conj/Pois/Air  0%         N/A       100%        3
 Ozocubu's Armour         Ice            0%         N/A       100%        3
 Stone Arrow              Conj/Erth      0%         3d7       100%        3
 Summon Guardian Golem    Hex/Summ       0%         N/A       100%        3
 Swiftness                Air            0%         N/A       100%        3
 Teleport Other           Tloc           0%         N/A       100%        3
 Airstrike                Air            0%         2d(0-16)  100%        4
 Animate Armour           Summ/Erth      0%         N/A       100%        4
 Cause Fear               Hex            0%         N/A       100%        4
 Dispel Undead            Necr           0%         3d6       100%        4
 Hailstorm                Conj/Ice       0%         3d3       100%        4
 Olgreb's Toxic Radiance  Pois           0%         N/A       100%        4
 Sticky Flame             Conj/Fire      0%         2d3       100%        4
 Summon Lightning Spire   Summ/Air       0%         N/A       100%        4
 Agony                    Necr           0%         N/A       100%        5
 Lightning Bolt           Conj/Air       0%         1d11      100%        5
 Metabolic Englaciation   Hex/Ice        0%         N/A       100%        5
 Silence                  Hex/Air        0%         N/A       100%        5
 Dragon Form              Tmut           0%         N/A       100%        7
 Ozocubu's Refrigeration  Ice            0%         4d7       100%        7
 Ignition                 Fire           0%         3d3       100%        8
 Lehudib's Crystal Spear  Conj/Erth      0%         10d2      100%        8
 Dragon's Call            Summ           0%         N/A       100%        9
 Simulacrum               Ice/Necr       Unusable   N/A       N/A         6

Dungeon Overview and Level Annotations

Branches:
Dungeon (15/15)            Temple (1/1) D:6            Lair (5/5) D:10
 Shoals (0/4) Lair:3        Snake (4/4) Lair:2        Slime (0/5) Lair:4
    Orc (2/2) D:10            Elf (0/3) Orc:2        Vaults (5/5) D:14
  Crypt (0/3) Vaults:2     Depths (0/4) D:15        Ossuary (visited)
Volcano (visited)         Gauntlet (visited)

Altars:
Ashenzari
Cheibriados
Dithmenos
Elyvilon
Fedhas
Gozag
Hepliaklqana
Kikubaaqudgha
Makhleb
Nemelex Xobeh
Okawaru
Qazlal
Ru
Sif Muna
Trog
Uskayaw
Vehumet
Wu Jian
Xom
Yredelemnul
Zin
The Shining One
Jiyva
Lugonu

Shops:
D:2 ?   D:4 =   Orc:1 [   Orc:2 *[[?[**   Snake:1 :[   Snake:3 =:   Vaults:2 [
Vaults:4 (

Portals:
Abyss: Lair:5


Innate Abilities, Weirdness & Mutations

You have a pair of horns on your head.
You reflexively headbutt those who attack you in melee.
Your mind is acute. (Int +4, Str/Dex -1)
Your flesh is heat resistant. (rF+)
You passively map a small area around you.


Message History

You block the tentacled monstrosity's attack.
The tentacled monstrosity tentacle-slaps you but does no damage.
The tentacled monstrosity constricts you.
The deep elf high priest is distracted by your dazzling golden aura.
You block the ironbound convoker's attack.
You block the vault guard's attack.
The deep elf high priest shouts!
Your life force feels restored.
Your Dodging skill increases to level 13!
You hit the fire giant.
The fire giant is severely wounded.
You barely miss the ironbound convoker. You slash the vault sentinel!
You kill the vault sentinel!
You hit the tentacled monstrosity.
The deep elf high priest is no longer distracted by gold.
The tengu reaver hits you from afar with a +1 glaive of freezing!
* * * LOW HITPOINT WARNING * * *
The tengu reaver freezes you.
* * * LOW HITPOINT WARNING * * *
[a] - 210 gold - resistance [b] - 506 gold - brilliance, magic and haste [c] - 696 gold - resistance, might and haste Purchase which effect?
You feel protected.
You feel very mighty all of a sudden.
You feel yourself speed up.
The ogre mage is no longer distracted by gold.
You block the ironbound convoker's attack.
You block the vault guard's attack.
The tentacled monstrosity tentacle-slaps you but does no damage. x2
You block the tentacled monstrosity's attack.
The tentacled monstrosity constricts you.
* * * LOW HITPOINT WARNING * * *
The deep elf high priest calls down the wrath of its god upon you.
Something smites you!
* * * LOW HITPOINT WARNING * * *
You block the fire giant's attack.
The tengu reaver gestures at you while chanting.
The bolt of cold hits you!! You resist.
You die...
Your body crumbles into a pile of gold.

#.....#....# .
*......#....#.# * *
......#....#.## ,
....#.......# ,,**
............ , *
###########.........#
***
...........Q..$......
, ,
..........$O[(<<.....
,
........p$@C$<).<....
.......$..pXW$<<.....
###########We......##
, ,,,............ ,,
, .....#....#... * ,
####..#....#... , $ ,
,,...#....#,.. , , ,
....#....#, ***
..#..#....#


You could see a tentacled monstrosity, a fire giant (strong, empowered), a tengu
reaver (empowered), a vault guard, an ogre mage (invisible), a shadow wraith
(invisible), a deep elf high priest (brilliance aura), an ironbound convoker
(empowered) and a freezing wraith.

Vanquished Creatures
  2 golden dragons (Vaults:5)
  Jorgrun (D:14)
  A quicksilver dragon (Vaults:4)
  3 titans
  Frances (D:14)
  Gastronok (D:9)
  4 shadow dragons
  3 sphinxes
  2 storm dragons
  4 nagarajas
  2 tengu reavers (Vaults:4)
  A revenant (Vaults:2)
  2 frost giants (Vaults:4)
  7 vault wardens
  A fire giant (Vaults:5)
  An iron dragon (Vaults:4)
  2 orc warlords (Orc:1)
  4 very ugly things
  The ghost of Jingleheimer the Basher, a journeyman DsFi of Gozag (D:13)
  12 ironbound preservers
  2 stone giants
  2 war gargoyles
  6 ironbound thunderhulks
  A deep elf annihilator (Vaults:4)
  2 minotaurs
  A deep elf demonologist (Vaults:5)
  4 dire elephants
  Snorg (D:14)
  The ghost of cdecastro the Grappler, a journeyman TrMo of Xom (D:10)
  3 ettins (Vaults:4)
  A jiangshi (Vaults:2)
  A fire dragon (D:15)
  A deep elf high priest (Vaults:5)
  3 great orbs of eyes
  5 yaktaur captains
  5 hydras
  6 boulder beetles
  Erica (D:8)
  An ice dragon (D:15)
  6 ironbound frosthearts
  13 naga warriors
  3 ogre magi
  26 vault guards
  3 salamander tyrants
  3 catoblepae
  10 two-headed ogres
  14 anacondas
  6 centaur warriors
  A two-headed ogre (shapeshifter) (Vaults:5)
  3 thrashing horrors (Lair:5)
  A death knight (D:8)
  15 naga sharpshooters
  6 shock serpents
  A deep troll earth mage (Vaults:4)
  4 tengu warriors
  12 death yaks
  2 orc high priests
  Urug (D:11)
  4 salamander mystics
  A golden dragon zombie (Vaults:1)
  10 skeletal warriors
  8 sea snakes
  Lodul (D:11)
  2 glowing orange brains (Vaults:3)
  6 wizards
  7 naga ritualists
  38 deep trolls
  Pikel (D:5)
  5 phantasmal warriors
  3 ironbound convokers
  19 mana vipers
  4 orc knights
  A necromancer (Gauntlet)
  9 lindwurms
  A wolf spider zombie (D:15)
  11 harpies
  3 orc sorcerers (Orc:2)
  2 deep elf pyromancers
  3 cyclopes
  36 ugly things
  A shining eye (shapeshifter) (Vaults:4)
  14 salamanders
  2 manticores
  A moth of wrath (shapeshifter) (Vaults:3)
  2 toenail golems (Volcano)
  5 centaur zombies (D:15)
  6 guardian serpents
  43 black mambas
  14 elephants
  21 vault sentinels
  A smoke demon (Lair:5)
  2 molten gargoyles (Volcano)
  16 naga magi
  2 gargoyles (D:12)
  14 cane toads
  2 unseen horrors
  A komodo dragon (shapeshifter) (D:13)
  2 freezing wraiths (D:15)
  14 komodo dragons
  8 yaktaurs
  2 tengu conjurers
  3 efreet (Volcano)
  A yaktaur (shapeshifter) (D:14)
  3 ancient zymes (Lair:5)
  A harpy zombie (D:15)
  4 polar bears
  3 meliai (D:15)
  4 hornets
  14 trolls
  A polar bear (shapeshifter) (Lair:5)
  5 saltlings (Orc:2)
  2 wolf spider simulacra (Gauntlet)
  Grinder (D:5)
  17 slime creatures
  23 blink frogs
  2 meliai zombies (D:15)
  6 dream sheep (Lair:4)
  An ettin zombie (Vaults:1)
  2 centaur simulacra
  2 large abominations (Lair:5)
  Sigmund (D:5)
  5 wyverns
  2 shadows
  A spriggan (Lair:5)
  4 vampires
  2 ynoxinuls (Lair:5)
  7 wraiths
  5 fire elementals (Volcano)
  4 basilisks (Lair:5)
  3 fire bats (Lair:1)
  A golden eye (shapeshifter) (D:14)
  A human (shapeshifter) (Vaults:5)
  57 yaks
  2 chaos spawn (Lair:5)
  4 vampire mosquitoes (D:11)
  The ghost of cdecastro the Shooter, an amateur MiHu (D:4)
  A basilisk (shapeshifter) (Lair:5)
  A yaktaur simulacrum (Vaults:1)
  Edmund (D:5)
  4 wargs
  The ghost of kyanize the Covered, an amateur GrFi (D:3)
  A glowing shapeshifter zombie (Vaults:1)
  40 nagas
  2 acid dragons
  A hydra simulacrum (Gauntlet)
  A floating eye (shapeshifter) (Vaults:1)
  A hornet zombie (D:15)
  13 water moccasins
  A sky beast (D:6)
  14 ogres
  23 orc warriors
  An ice beast (D:6)
  5 centaurs (D:15)
  6 wolves (Lair:1)
  A wolf (shapeshifter) (D:14)
  A phantom (D:5)
  3 lemures (D:5)
  5 kobold brigands
  Blork the orc (D:5)
  2 earth elementals (Volcano)
  13 bullfrogs
  5 necrophages
  11 wights
  A scorpion (shapeshifter) (D:15)
  A scorpion (D:6)
  6 killer bees
  4 howler monkeys
  5 electric eels
  2 jellies
  19 orc priests
  2 gnoll boudas (D:4)
  A hound (D:4)
  Terence (D:3)
  3 iguanas
  20 orc wizards
  Natasha (thrice) (D:3)
  7 small abominations (Lair:5)
  8 mummies (Ossuary)
  Robin (D:3)
  13 gnolls
  7 adders
  A shadow imp (D:5)
  3 white imps
  2 ufetubi
  4 worms
  5 dart slugs
  69 orcs
  8 ball pythons
  8 endoplasms
  2 giant cockroaches
  2 gnoll zombies (Ossuary)
  19 goblins
  6 hobgoblins
  4 jackals (D:1)
  21 kobolds
  2 quokkas
  5 ball python simulacra (D:3)
  9 bats
  4 frilled lizards
  2 hobgoblin zombies (Ossuary)
  A jackal simulacrum (D:3)
  A kobold zombie (Ossuary)
  3 orc zombies (Ossuary)
  4 rats
  2 fire vortices (Volcano)
  26 pillars of salt (Orc:2)
1251 creatures vanquished.

Vanquished Creatures (collateral kills)
  A vault warden (Vaults:4)
  4 very ugly things
  4 ironbound preservers
  A stone giant (Vaults:2)
  A dire elephant (Vaults:4)
  3 yaktaur captains
  A boulder beetle (Vaults:1)
  An ironbound frostheart (Vaults:2)
  A deep troll earth mage (Vaults:2)
  12 deep trolls
  A wizard (Vaults:3)
  2 ironbound convokers (Vaults:2)
  6 lindwurms
  3 harpies
  3 ugly things
  3 vault sentinels
  6 yaktaurs
  2 slime creatures (Vaults:3)
55 creatures vanquished.

Vanquished Creatures (others)
  3 vault wardens
  6 ironbound preservers
  4 ironbound thunderhulks
  A yaktaur captain (Vaults:2)
  2 vault guards
  A deep elf high priest (Vaults:2)
  A great orb of eyes (Vaults:3)
  An ironbound frostheart (Vaults:1)
  4 deep trolls
  2 ironbound convokers
  A harpy (Vaults:2)
  A wizard (Vaults:1)
  An ugly thing (Vaults:3)
  A vault sentinel (Vaults:2)
  4 yaktaurs
  A slime creature (Vaults:2)
  10 fungi
  20 plants
  7 withered plants (D:15)
71 creatures vanquished.

Grand Total: 1377 creatures vanquished

Notes
Turn   | Place    | Note
-------+----------+-------------------------------------------
     0 | D:1      | nshep25 the Minotaur Fighter began the quest for the Orb.
     0 | D:1      | Reached XP level 1. HP: 19/19 MP: 0/0
   296 | D:1      | Reached XP level 2. HP: 27/27 MP: 1/1
   532 | D:1      | Reached XP level 3. HP: 33/33 MP: 2/2
  1073 | D:2      | Found an opulent altar of Gozag.
  1084 | D:2      | Became a worshipper of Gozag Ym Sagoz the Greedy
  1087 | D:2      | Identified the +10 hand axe of the Doomed God {flame, rPois
                  | Int-4 Dex+5}
  1251 | D:2      | Reached skill level 3 in Axes
  1435 | D:2      | Found Ziggyrch's Magic Scroll Emporium.
  1442 | D:2      | Bought 2 scrolls of identify for 40 gold pieces
  1653 | D:3      | Found a runed translucent gate.
  1653 | D:3      | Found a runed translucent gate.
  1663 | D:3      | Noticed Natasha
  1663 | D:3      | Noticed Robin
  1668 | D:3      | Killed Natasha
  1669 | D:3      | Reached XP level 4. HP: 36/40 MP: 3/3
  1674 | D:3      | Reached skill level 4 in Axes
  1676 | D:3      | Killed Robin
  1973 | D:3      | Found a runed translucent gate.
  1975 | D:3      | Noticed Natasha
  1980 | D:3      | Killed Natasha
  1981 | D:3      | Reached XP level 5. HP: 47/47 MP: 4/4
  2016 | D:3      | Noticed kyanize's ghost (amateur GrFi)
  2022 | D:3      | Noticed Terence
  2029 | D:3      | Killed Terence
  2030 | D:3      | Reached skill level 5 in Axes
  2030 | D:3      | Reached skill level 1 in Dodging
  2278 | D:3      | Found a glowing silver altar of Zin.
  2351 | D:3      | Noticed Natasha
  2354 | D:3      | Killed Natasha
  2722 | D:4      | Reached XP level 6. HP: 53/53 MP: 5/5
  2813 | D:4      | Reached skill level 6 in Axes
  2957 | D:4      | Found a transporter.
  2969 | D:4      | Noticed cdecastro's ghost (amateur MiHu)
  3046 | D:4      | Reached skill level 5 in Armour
  3069 | D:4      | Found a sand-covered staircase.
  3123 | Ossuary  | Entered an ossuary
  3137 | Ossuary  | Reached skill level 7 in Axes
  3160 | Ossuary  | Reached XP level 7. HP: 53/60 MP: 6/6
  3580 | D:4      | Found a transporter.
  3831 | D:4      | Found a shimmering altar of Xom.
  3846 | D:4      | Found an ornate altar of the Wu Jian Council.
  3891 | D:4      | Reached skill level 8 in Axes
  4323 | D:4      | Killed cdecastro's ghost
  4338 | D:4      | Reached skill level 9 in Axes
  4590 | D:5      | Entered Level 5 of the Dungeon
  4597 | D:5      | Noticed Edmund
  4611 | D:5      | Killed Edmund
  4612 | D:5      | Reached XP level 8. HP: 67/67 MP: 7/7
  4652 | D:5      | Reached skill level 5 in Fighting
  4652 | D:5      | Reached skill level 10 in Axes
  4874 | D:5      | Reached skill level 11 in Axes
  4978 | D:5      | Found a sparkling altar of Nemelex Xobeh.
  4978 | D:5      | Found an opulent altar of Gozag.
  4979 | D:5      | Noticed Sigmund
  4985 | D:5      | Killed Sigmund
  5118 | D:5      | Reached skill level 12 in Axes
  5124 | D:5      | Found a basalt altar of Yredelemnul.
  5124 | D:5      | Noticed Pikel
  5124 | D:5      | Noticed Grinder
  5132 | D:5      | Killed Grinder
  5133 | D:5      | Reached skill level 1 in Stealth
  5136 | D:5      | Killed Pikel
  5137 | D:5      | Reached skill level 13 in Axes
  5137 | D:5      | Reached XP level 9. HP: 14/75 MP: 1/8
  5451 | D:5      | Noticed Blork the orc
  5457 | D:5      | Killed Blork the orc
  5458 | D:5      | Reached skill level 14 in Axes
  5862 | D:6      | Found a staircase to the Ecumenical Temple.
  5879 | Temple   | Entered the Ecumenical Temple
  5995 | D:6      | Identified the +1 leather armour "Qitushroe" {Rampage rN++
                  | Int-5}
  6356 | D:6      | Reached skill level 15 in Axes
  6356 | D:6      | Reached skill level 5 in Shields
  6775 | D:7      | Found an ancient bone altar of Kikubaaqudgha.
  6845 | D:7      | Reached skill level 16 in Axes
  7336 | D:8      | Found a shadowy altar of Dithmenos.
  7347 | D:8      | Noticed Erica
  7359 | D:8      | Killed Erica
  7360 | D:8      | Reached XP level 10. HP: 67/86 MP: 7/9
  7817 | D:8      | Found a white marble altar of Elyvilon.
  8200 | D:8      | Reached skill level 17 in Axes
  8453 | D:8      | Found a radiant altar of Vehumet.
  8570 | D:8      | Found a snail-covered altar of Cheibriados.
  8753 | D:9      | Noticed a two-headed ogre
  8759 | D:9      | Killed a two-headed ogre
  8816 | D:9      | Noticed a two-headed ogre
  8820 | D:9      | Killed a two-headed ogre
  8949 | D:9      | Noticed a centaur warrior
  8966 | D:9      | Killed a centaur warrior
  8983 | D:9      | Noticed a deep elf pyromancer
  8987 | D:9      | Reached XP level 11. HP: 25/97 MP: 5/10
  8991 | D:9      | Killed a deep elf pyromancer
  8992 | D:9      | Reached skill level 10 in Armour
  8995 | D:9      | Noticed a boulder beetle
  8996 | D:9      | HP: 4/97 [tengu conjurer/+0 glaive (3)]
  8999 | D:9      | Noticed a death knight
  9002 | D:9      | Noticed a catoblepas
  9028 | D:9      | Noticed Gastronok
  9271 | D:8      | Killed a death knight
  9520 | D:9      | Reached skill level 18 in Axes
  9532 | D:9      | Killed Gastronok
  9739 | D:9      | Found a glowing golden altar of the Shining One.
  9766 | D:9      | Killed a boulder beetle
 10065 | D:9      | Reached skill level 10 in Fighting
 10409 | D:9      | Noticed a two-headed ogre
 10413 | D:9      | Killed a two-headed ogre
 10946 | D:9      | Killed a catoblepas
 11091 | D:10     | Entered Level 10 of the Dungeon
 11125 | D:10     | Found a runed translucent gate.
 11126 | D:10     | Found a runed translucent gate.
 11126 | D:10     | Found a runed translucent gate.
 11128 | D:10     | Noticed cdecastro's ghost (journeyman TrMo)
 11131 | D:10     | Noticed a great orb of eyes
 11132 | D:10     | Found a viscous altar of Jiyva.
 11622 | D:10     | Found a staircase to the Orcish Mines.
 11644 | D:10     | Reached XP level 12. HP: 92/108 MP: 7/11
 11789 | D:10     | Noticed a death yak
 11790 | D:10     | Noticed a death yak
 11792 | D:10     | Found a staircase to the Lair.
 11804 | D:10     | Noticed a death yak
 11810 | D:10     | Killed a death yak
 11820 | D:10     | Killed a death yak
 11822 | D:10     | Killed a death yak
 12711 | Orc:1    | Entered Level 1 of the Orcish Mines
 12711 | Orc:1    | Noticed an orc high priest
 12927 | D:10     | Reached skill level 19 in Axes
 13213 | Orc:1    | Killed an orc high priest
 13476 | Orc:1    | Found Wuecu's Armour Emporium.
 13775 | Orc:2    | Entered Level 2 of the Orcish Mines
 13778 | Orc:2    | Found a staircase to the Elven Halls.
 13914 | Orc:2    | Found Carurph's CLEARANCE SALE!.
 13931 | Orc:2    | Bought a potion of curing for 12 gold pieces
 14267 | Orc:2    | Noticed a two-headed ogre
 14274 | Orc:2    | Killed a two-headed ogre
 14354 | Orc:2    | Noticed an orc warlord
 14354 | Orc:2    | Noticed a two-headed ogre
 14359 | Orc:2    | Found Hedoec's Assorted Antiques.
 14359 | Orc:2    | Noticed an orc warlord
 14361 | Orc:2    | Noticed an orc high priest
 15151 | Orc:1    | Killed an orc warlord
 15490 | Orc:2    | Reached XP level 13. HP: 72/118 MP: 5/12
 15672 | Orc:1    | HP: 3/118 [orc warlord/+1 great mace of venom (17)]
 15674 | Orc:1    | Killed an orc warlord
 16804 | Orc:2    | Found Cyth's Assorted Antiques.
 16818 | Orc:2    | Bought a potion of curing for 90 gold pieces
 16822 | Orc:2    | Bought a smoky pink potion for 25 gold pieces
 16822 | Orc:2    | Bought a scroll labelled CUXAT EPAHYGRU for 28 gold pieces
 16837 | Orc:2    | Found Woponuenei's Armour Shoppe.
 16843 | Orc:2    | Bought a +1 pair of gloves of strength for 231 gold pieces
 16879 | Orc:2    | Found Qidot's Antique Armour Boutique.
 16892 | Orc:2    | Bought a shiny plate armour for 884 gold pieces
 17214 | Orc:2    | Gained mutation: Your flesh is heat resistant. (rF+)
                  | [potion of mutation]
 17214 | Orc:2    | Gained mutation: You passively map a small area around you.
                  | [potion of mutation]
 17214 | Orc:2    | Gained mutation: Your mind is acute. (Int +4, Str/Dex -1)
                  | [potion of mutation]
 17228 | Orc:2    | Bought a pair of runed boots for 187 gold pieces
 17238 | Orc:2    | Bought a pair of spiked gloves for 237 gold pieces
 17238 | Orc:2    | Identified the +1 pair of gloves of Kikubaaqudgha's Hatred
                  | {Str+5} (You bought it in a shop on level 2 of the Orcish
                  | Mines)
 17429 | D:3      | Killed kyanize's ghost
 17568 | D:3      | Identified a scroll of acquirement
 17568 | D:3      | Acquired 1159 gold pieces
 17740 | D:10     | Killed cdecastro's ghost
 17741 | D:10     | Reached skill level 15 in Armour
 18008 | Lair:1   | Entered Level 1 of the Lair of Beasts
 18020 | Lair:1   | Reached skill level 20 in Axes
 18514 | Lair:1   | Found a dark tunnel.
 18532 | Volcano  | Entered a volcano
 18865 | Volcano  | HP: 2/123 [earth elemental (10)]
 20010 | Lair:2   | Reached XP level 14. HP: 120/130 MP: 13/13
 20056 | Lair:2   | Found a staircase to the Snake Pit.
 20251 | Lair:2   | Identified the ring "Avuscheto" {+Blink Fly rPois rCorr}
 20264 | Lair:2   | Reached skill level 10 in Shields
 21157 | Lair:3   | Found a staircase to the Shoals.
 21262 | Lair:3   | Reached skill level 21 in Axes
 22328 | Lair:4   | Identified the +5 dagger "Udusif" {spect, +Blink Str-3
                  | Int+3}
 22380 | Lair:4   | Found a staircase to the Slime Pits.
 22380 | Lair:4   | Found a viscous altar of Jiyva.
 22634 | Lair:5   | Entered Level 5 of the Lair of Beasts
 23526 | Lair:5   | Reached skill level 15 in Fighting
 24595 | Lair:5   | Reached XP level 15. HP: 126/141 MP: 14/14
 24808 | Lair:5   | Found a corrupted altar of Lugonu.
 24808 | Lair:5   | Found a one-way gate to the infinite horrors of the Abyss.
 25253 | D:11     | Noticed Urug
 25263 | D:11     | Killed Urug
 25264 | D:11     | Reached skill level 22 in Axes
 25518 | D:11     | Acquired the ring of Roic {Fly Int+7 SInv}
 25791 | D:11     | Noticed Lodul
 25806 | D:11     | Killed Lodul
 27303 | D:12     | Reached skill level 5 in Stealth
 27964 | D:13     | Found a runed translucent gate.
 27965 | D:13     | Found a runed translucent gate.
 27966 | D:13     | Found a runed translucent gate.
 28006 | D:13     | Noticed Jingleheimer's ghost (journeyman DsFi)
 28846 | D:13     | Killed Jingleheimer's ghost
 29334 | D:14     | Noticed Snorg
 29342 | D:14     | Killed Snorg
 29387 | D:14     | Noticed Frances
 29412 | D:14     | Killed Frances
 29460 | D:14     | Found a gate to the Vaults.
 29467 | D:14     | Found a gate leading to a gauntlet.
 29498 | Gauntlet | Entered a Gauntlet
 29498 | Gauntlet | Found a transporter.
 29498 | Gauntlet | Found a transporter.
 29711 | Gauntlet | Found a transporter.
 29712 | Gauntlet | Found a transporter.
 29714 | Gauntlet | Found a transporter.
 29755 | Gauntlet | Found a transporter.
 29755 | Gauntlet | Found a transporter.
 29758 | Gauntlet | Found a transporter.
 29767 | Gauntlet | Found a transporter.
 29783 | Gauntlet | Found a transporter.
 29793 | Gauntlet | Found a transporter.
 29826 | Gauntlet | Found a transporter.
 29843 | Gauntlet | Found a transporter.
 29855 | Gauntlet | Found a transporter.
 29920 | Gauntlet | Identified the +2 pair of boots of Daffodils {Will+}
 30147 | Gauntlet | Identified the ring "Qisa Uti" {Int+6 Dex+2}
 30200 | Gauntlet | Identified the +5 kite shield of Levity {SInv}
 30200 | Gauntlet | Identified the +2 helmet of Eciacvy {Will+ Int+4}
 30628 | D:14     | Noticed Jorgrun
 30645 | D:14     | Killed Jorgrun
 31225 | D:15     | Entered Level 15 of the Dungeon
 31440 | D:15     | Identified the ring "Hosmae Agyfe" {rN+ Will+ Str+2}
 31472 | D:15     | Reached XP level 16. HP: 152/152 MP: 15/15
 32875 | D:15     | Reached skill level 23 in Axes
 32915 | D:15     | Found a staircase to the Depths.
 33109 | D:15     | Identified the +0 buckler of the Trees {rN+}
 33564 | Snake:1  | Entered Level 1 of the Snake Pit
 35128 | Snake:1  | Found Cyeser's Armour Emporium.
 35128 | Snake:1  | Found Rora's Book Shoppe.
 35149 | Snake:1  | Bought a manual of Dodging for 1280 gold pieces
 35846 | Snake:2  | You are sucked into a shaft and drop 1 floor!
 36199 | Snake:3  | Reached skill level 5 in Dodging
 36504 | Snake:2  | Reached XP level 17. HP: 85/162 MP: 12/16
 36935 | Snake:2  | Reached skill level 15 in Shields
 37054 | Snake:2  | Identified the +5 flail "Songiemm" {chaos, rF++ Int+2 Dex+2
                  | Stlth+}
 38203 | Snake:3  | Found Dovymer's Vocational Training.
 38220 | Snake:3  | Found Zussee's Jewellery Shop.
 38761 | Snake:4  | Entered Level 4 of the Snake Pit
 41545 | Snake:4  | Got a serpentine rune of Zot
 41988 | Vaults:1 | Entered Level 1 of the Vaults
 42084 | Vaults:1 | Reached XP level 18. HP: 164/173 MP: 17/17
 42434 | Vaults:1 | Paralysed by a floating eye for 3 turns
 43423 | Vaults:2 | Found a staircase to the Crypt.
 43524 | Vaults:2 | Reached skill level 24 in Axes
 43799 | Vaults:2 | Found the +8 frozen axe "Frostbite" {freezing cloud, *Noise
                  | Fly rC+}
 43799 | Vaults:2 | You are sucked into a shaft and drop 2 floors!
 44663 | Vaults:2 | Found Omie's Armour Emporium.
 44775 | Vaults:2 | Reached skill level 10 in Dodging
 45717 | Vaults:3 | Reached XP level 19. HP: 131/183 MP: 14/18
 49225 | Vaults:4 | Found Weri's Antique Weapon Emporium.
 49435 | Vaults:5 | Entered Level 5 of the Vaults
 49726 | Vaults:4 | Reached XP level 20. HP: 122/195 MP: 15/19
 49914 | Vaults:5 | Noticed a golden dragon
 49917 | Vaults:5 | Reached skill level 25 in Axes
 49925 | Vaults:5 | Noticed a golden dragon
 49926 | Vaults:5 | Killed a golden dragon
 49942 | Vaults:5 | HP: 7/195 [titan/the air (23)]
 50711 | Vaults:5 | Identified the +6 glaive of Wapnor {spect, rElec rCorr
                  | Stlth+}
 51684 | Vaults:5 | Killed a golden dragon
 51699 | Vaults:5 | Killed from afar by a tengu reaver

Illustrated notes

Levels and vault maps discovered:
D:1:      dpeg_arrival_arbitrary_c, layout_basic, minmay_tromino_i4
D:2:      layout_loops_ring, serial_shops, shop, basic_altar,
          grunt_ministairs_12
D:3:      minmay_wonky_spiral, layout_loops_cross, mainiacjoe_overflow_alcove_2,
          gammafunk_ghost_icy, uniq_robin, uniq_natasha, uniq_terence
D:4:      layout_loops_corners, mainiacjoe_overflow_swirl,
          gammafunk_ghost_gnarly_gnolls, enter_ossuary_5, roderic_lattice_a
D:5:      layout_rooms, grunt_temple_overflow_opulence,
          mainiacjoe_overflow_six_doors_small, abandoned_shop, uniq_edmund,
          uniq_sigmund, uniq_blork_the_orc, uniq_pikel, uniq_grinder
D:6:      layout_basic, minmay_temple_entry_sparse_star
D:7:      layout_rooms, kennysheep_little_box
D:8:      layout_layer_cave, kennysheep_mini, chei_slow_surprise,
          mainiacjoe_overflow_24_doors, lemuel_tele_altar, uniq_erica
D:9:      minmay_the_grid_net [minmay_the_grid_doors, minmay_the_grid_dragon_a,
          minmay_the_grid_box_x, minmay_the_grid_fan,
          minmay_the_grid_outer_diamond, minmay_the_grid_prize_inner_circle],
          layout_basic, mainiacjoe_overflow_alcove_1, uniq_gastronok
D:10:     layout_basic, dpeg_lair_monsters, minmay_orc_entry_temple_small,
          gammafunk_ghost_ooze, minmay_door_square
D:11:     layout_basic, uniq_urug, uniq_lodul
D:12:     layout_layer_cave
D:13:     layout_stronghold, maelrawn_ghost_gauntlet_escape
D:14:     layout_stronghold, david_vaults_2, gauntlet_entry_generic, uniq_snorg,
          uniq_frances, uniq_jorgrun
D:15:     grunt_enter_depths_hoard, layout_irregular_city, minivault_14,
          serial_undead, serial_undead_d, serial_undead_a, serial_undead_c,
          serial_undead_e, serial_undead_a, serial_undead_e, serial_undead_c,
          serial_undead_d, serial_undead_f, serial_undead_f,
          minmay_misc_feat_tower
Temple:   nicolae_temple_ecumenical_triangle
Lair:1:   layout_misc_corridors, nicolae_volcano_entry_batcave,
          serial_bayou_shore_b
Lair:2:   layout_chaotic_city, guppyfry_snake_entry_island
Lair:3:   layout_layer_cave, elwin_shoals_entry_rocks, lemuel_fruit_fields
Lair:4:   layout_roguey, slime_entry_1, cheibrodos_lair_lostbears
Lair:5:   hellmonk_lair_end_abyssal_woods, layout_regular_city,
          infiniplex_staircase_pool
Snake:1:  layout_onion, minmay_shoptagon, serial_bayou_shore_a
Snake:2:  layout_grid_shapes
Snake:3:  layout_chambers, serial_shops, nicolae_shop_waterfront,
          grunt_ministairs_12, nicolae_shop_vocational
Snake:4:  grunt_snake_rune_pools, layout_misc_corridors, grunt_ministairs_6
Orc:1:    layout_caves, serial_shops, shop, basic_altar
Orc:2:    hellmonk_orc_salted, layout_caves, nicolae_shop_clearance
Vaults:1: v_rooms_6, nicolae_vaults_ring_of_whatevers, hangedman_vaults_corner,
          hangedman_vaults_nodes, ontoclasm_vaults_bender,
          nicolae_vaults_asterisk, v_alt_pattern_5,
          nicolae_vaults_border_crossing, v_misc_8, vaults_dpeg_emergency_exit,
          serial_ice_h, nicolae_vaults_ring_of_whatevers, layout_vaults_big_room
Vaults:2: hangedman_vaults_hard_town_square, minmay_crypt_entry_simple_statues,
          hangedman_vaults_hat, v_misc_2, hangedman_vaults_pinch, v_rooms_6,
          nicolae_vaults_little_squares_3, nicolae_vaults_big_angled_halls,
          hangedman_vaults_stretched_pinwheel, v_misc_27,
          nicolae_vaults_little_squares_1, dpeg_vaults_monster_box,
          grunt_vaults_hallway_short, layout_vaults_omnibox
Vaults:3: ontoclasm_vaults_hangar, vaults_standard_mumra_x,
          hangedman_vaults_river_flow, v_misc_24, st_cells,
          hangedman_vaults_corner_blocks, nicolae_vaults_asterisk,
          nicolae_vaults_specimen_jars, nicolae_vaults_three_branches,
          vaults_room_hallway, vaults_dpeg_ring, vaults_room_pool,
          nicolae_vaults_mini_display_case, vaults_room_pools,
          layout_vaults_omnicross
Vaults:4: grunt_vaults_twisty, v_alt_pattern_1, ontoclasm_vaults_fault,
          vaults_room_semicircle, vaults_room_door_ring, v_misc_5,
          nicolae_vaults_little_squares_2, vaults_room_stairs_pillars,
          vaults_mumra_minichess, vaults_room_hangedman_quadrants,
          vaults_dpeg_encased_lava, v_rooms_2, layout_vaults_ring, serial_shops,
          shop
Vaults:5

Skill      XL: |  1  2  3  4  5  6  7  8  9 10 11 12 13 14 15 16 17 18 19 20 |
---------------+-------------------------------------------------------------+-----
Fighting       | 4 5 7 9 10 12 13 15 16 17 18 19 20 | 20.9
Shields        | 4 5 6 7 8 9 10 11 14 17 19 20 21 | 21.2
Armour         | 4 5 6 8 9 12 14 15 16 18 19 20 21 | 21.3
Axes           | 3 4 5 7 9 13 16 17 18 19 20 21 22 23 24 25 | 25.3
Dodging        | 1 2 3 5 8 10 12 13 | 13.0
Stealth        | 1 2 3 4 5 6 |  6.2

Action                   |  1- 3 |  4- 6 |  7- 9 | 10-12 | 13-15 | 16-18 | 19-21 || total
-------------------------+-------+-------+-------+-------+-------+-------+-------++-------
Melee: War axe           |    74 |       |       |       |       |       |       ||    74
       Headbutt          |     8 |    10 |    25 |   116 |   352 |   392 |   172 ||  1075
       Hand axe          |    25 |    71 |   180 |   503 |  1134 |  1357 |   311 ||  3581
       Broad axe         |       |       |       |       |       |       |   262 ||   262
Invok: Call Merchant     |       |       |     1 |       |     2 |       |       ||     3
       Bribe Branch      |       |       |       |       |       |     1 |       ||     1
       Potion Petition   |       |       |       |       |       |       |     5 ||     5
  Use: Scroll            |     1 |     6 |    13 |     1 |    15 |     5 |     7 ||    48
       Potion            |       |       |       |     4 |     4 |     1 |     4 ||    13
 Stab: Distracted        |       |     2 |     1 |     3 |    15 |    14 |     7 ||    42
       Invisible         |       |       |       |       |       |       |     4 ||     4
Armor: Scale mail        |    76 |     3 |       |       |       |       |       ||    79
       Chain mail        |       |    38 |    31 |       |       |       |       ||    69
       Plate armour      |       |       |    50 |   190 |   489 |       |       ||   729
       Crystal plate arm |       |       |       |       |    32 |   732 |   457 ||  1221
Dodge: Dodged            |    78 |    20 |    40 |   106 |   293 |   285 |   217 ||  1039
Block: Buckler           |    31 |     8 |    30 |    95 |   238 |       |       ||   402
       Kite shield       |       |       |       |       |    47 |  1258 |   604 ||  1909
